 Dungeon Crawl Stone Soup version 0.23.2-40-g277498a001 (webtiles) character file.

Game seed: 14197295241563632201

11229 Gildeon the Severer (level 11, -4/86 HPs)
             Began as a Minotaur Fighter on Sept 18, 2019.
             Was a High Priest of Qazlal.
             Slain by a shadow (24 damage)
             ... on level 11 of the Dungeon on Sept 19, 2019.
             The game lasted 00:30:00 (9712 turns).

Gildeon the Severer (Minotaur Fighter)              Turns: 9712, Time: 00:30:01

Health: -4/86      AC: 16    Str: 24    XL:     11   Next: 46%
Magic:  10/10      EV: 11    Int:  5    God:    Qazlal [*****.]
Gold:   622        SH: 21    Dex: 10    Spells: 8/10 levels left

rFire    + . .     SeeInvis .   w - +0 morningstar
rCold    . . .     Gourm    .   c - +1 shield
rNeg     . . .     Faith    .   h - +0 plate armour
rPois    .         Spirit   .   (helmet restricted)
rElec    .         Reflect  .   s - +0 cloak
rCorr    .         Harm     .   (no gloves)
MR       .....                  (no boots)
Stlth    ..........             (no amulet)
HPRegen  0.24/turn              r - ring of protection from fire
MPRegen  0.12/turn              j - +3 ring of evasion

@: protected from physical damage, lightly drained, repel missiles
A: retaliatory headbutt, horns 2
a: Upheaval, Elemental Force, Disaster Area, Renounce Religion


You were on level 11 of the Dungeon.
You worshipped Qazlal.
Qazlal was extremely pleased with you.
You were hungry.

You visited 2 branches of the dungeon, and saw 12 of its levels.
You also visited: Sewer.

You collected 622 gold pieces.

Inventory:

Hand Weapons
 a - a +5 war axe
 w - a +0 morningstar (weapon)
Armour
 c - a +1 shield (worn)
 h - a +0 plate armour (worn)
 s - a +0 cloak (worn)
 x - a +1 chain mail of fire resistance
Jewellery
 j - a +3 ring of evasion (right hand)
 r - a ring of protection from fire (left hand)
 v - an uncursed ring of magical power
 D - an uncursed amulet of magic regeneration {unknown}
Wands
 b - a wand of iceblast (16)
 t - a wand of acid (7)
 u - a wand of flame (39)
 B - a wand of paralysis (14)
Scrolls
 g - 6 scrolls of teleportation
 q - 2 scrolls of fear
 y - a scroll of fog
 C - a scroll of remove curse
Potions
 d - a potion of ambrosia
 e - 5 potions of curing
 i - a potion of resistance
 k - 2 potions of lignification
 l - 4 potions of heal wounds
 m - a potion of cancellation {unknown}
 n - 2 potions of agility {unknown}
 o - 4 potions of magic
 z - a potion of brilliance {unknown}
 A - a potion of invisibility {unknown}
Comestibles
 f - 22 rations
 p - 4 chunks of flesh


   Skills:
 - Level 5.0(4.9) Fighting
 * Level 15.8(15.7) Axes
 - Level 5.1(5.0) Armour
 - Level 5.1(5.0) Dodging
 + Level 12.1(12.0) Shields


You had 8 spell levels left.
You knew the following spells:

 Your Spells              Type           Power        Failure   Level  Hunger
a - Swiftness             Chrm/Air       #.......     100%        2    ###....

Your spell library contained the following spells:

 Spells                   Type           Power        Failure   Level  Hunger
 Beastly Appendage        Tmut           #.....       100%        1    ##.....
 Flame Tongue             Conj/Fire      #....        100%        1    ##.....
 Shock                    Conj/Air       #...         100%        1    ##.....
 Sticks to Snakes         Tmut           #.......     100%        2    ###....
 Throw Flame              Conj/Fire      #.....       100%        2    ###....
 Conjure Flame            Conj/Fire      #.......     100%        3    ####...
 Inner Flame              Hex/Fire       #.......     100%        3    ####...
 Spider Form              Tmut/Pois      #.........   100%        3    ####...
 Static Discharge         Conj/Air       #.......     100%        3    ####...
 Airstrike                Air            #.........   100%        4    #####..
 Ice Form                 Ice/Tmut       #.......     100%        4    #####..
 Sticky Flame             Conj/Fire      #.......     100%        4    #####..
 Blade Hands              Tmut           #.........   100%        5    ######.
 Fireball                 Conj/Fire      #.........   100%        5    ######.
 Lightning Bolt           Conj/Air       #.........   100%        5    ######.


Dungeon Overview and Level Annotations

Branches:
Dungeon (11/15)            Temple (1/1) D:5            Lair (0/6) D:11
    Orc (0/2) D:11

Altars:
Ashenzari
Cheibriados
Dithmenos
Elyvilon
Fedhas
Gozag
Hepliaklqana
Kikubaaqudgha
Makhleb
Nemelex Xobeh
Okawaru
Qazlal
Ru
Sif Muna
Trog
Uskayaw
Vehumet
Wu Jian
Xom
Yredelemnul
Zin
The Shining One

Annotations:
D:4 1 runed translucent door, kalagan's ghost, amateur BaSu
D:11 Erolcha; Harold; Josephine; Psyche


Innate Abilities, Weirdness & Mutations

You reflexively headbutt those who attack you in melee.
You have a pair of horns on your head.


Message History

Something hits the plant but does no damage.
The orc hits the plant with a +0 short sword.
The plant is destroyed!
The crocodile is engulfed in blazing flames.
You kill the crocodile!
Qazlal accepts your kill.
The orc hits the plant but does no damage.
The shadow slips into darkness.
The shadow flickers and vanishes!
The orc hits the plant but does no damage.
Found a stone staircase leading down.
Harold throws a throwing net.
You block the throwing net.
You see here a throwing net.
The orc throws a stone.
Harold throws a throwing net.
Harold gestures at you while chanting.
The shadow strikes at you from the darkness!
Your protection from physical attacks is fading.
Josephine the Decaying Necromancer comes into view.
She is wielding a +3 dagger of venom and carrying a wand of clouds (4).
The shadow strikes at you from the darkness!
You die...

*,* *,* *,*
*,* *,* *,*
,,* #.* *,*
,,* #.* *,*
>** #.* *,* **
#>* *,* * #.*
*,# *
#.######.# *
#.....@@.# *
#ยง.####### *
#..# *
*####*#.(#
*****....##.(#
**,,........T#
,,,,.P...P#..#
,,,,P.P...P@o#
,,,,...PP....#


You could see Josephine.

Vanquished Creatures
  3 two-headed ogres (D:10)
  2 centaur skeletons
  Prince Ribbit (D:5)
  3 trolls
  A slime creature (D:6)
  A hornet (D:9)
  Sigmund (D:5)
  A vampire (D:10)
  8 yaks
  A hungry ghost (D:8)
  Duvessa (D:4)
  6 orc warriors
  5 sky beasts
  3 phantoms
  3 ice beasts
  3 black bears
  7 ogres
  A necrophage (D:5)
  5 centaurs
  A crocodile (D:11)
  2 big kobolds
  10 bullfrogs
  Dowan (D:4)
  A wyvern zombie (D:8)
  4 scorpions
  4 killer bees (D:7)
  2 howler monkeys
  A crimson imp (D:7)
  A quasit (D:10)
  4 hounds
  2 jellies
  11 orc wizards
  5 bullfrog skeletons
  7 orc priests
  Crazy Yiuf (D:2)
  An iguana (D:5)
  8 worker ants
  A hound skeleton (D:9)
  Robin (D:3)
  A gnoll (D:1)
  17 adders
  A howler monkey skeleton (D:5)
  A shadow imp (D:5)
  2 oozes
  2 adder skeletons (D:5)
  5 worms
  2 dart slugs
  4 leopard geckos
  51 orcs
  3 giant cockroaches
  18 goblins
  6 hobgoblins
  24 jackals
  3 quokkas
  4 ball pythons
  7 bats
  7 frilled lizards
  18 kobolds
  A leopard gecko skeleton (D:8)
  7 rats
  4 plants (Sewer)
312 creatures vanquished.

Vanquished Creatures (others)
  3 plants (D:11)
3 creatures vanquished.

Grand Total: 315 creatures vanquished

Notes
Turn   | Place    | Note
-------+----------+-------------------------------------------
     0 | D:1      | Gildeon the Minotaur Fighter began the quest for the Orb.
     0 | D:1      | Reached XP level 1. HP: 19/19 MP: 0/0
    57 | D:1      | Reached XP level 2. HP: 18/27 MP: 1/1
   270 | D:1      | Reached skill level 3 in Axes
   348 | D:1      | Reached XP level 3. HP: 33/33 MP: 2/2
   491 | D:1      | Reached skill level 1 in Dodging
   860 | D:2      | Found a stormy altar of Qazlal.
   872 | D:2      | Became a worshipper of Qazlal Stormbringer
  1322 | D:2      | Reached XP level 4. HP: 40/40 MP: 3/3
  1349 | D:2      | Found a runed translucent door.
  1350 | D:2      | Noticed Crazy Yiuf
  1362 | D:2      | Killed Crazy Yiuf
  1795 | D:3      | Found a radiant altar of Vehumet.
  1799 | D:3      | Reached skill level 4 in Axes
  1856 | D:3      | Noticed an ogre
  1863 | D:3      | Reached * piety under Qazlal
  1865 | D:3      | Killed an ogre
  1865 | D:3      | Reached XP level 5. HP: 47/47 MP: 4/4
  2108 | D:3      | Noticed Robin
  2125 | D:3      | Killed Robin
  2129 | D:3      | Reached XP level 6. HP: 45/53 MP: 5/5
  2322 | D:4      | Reached skill level 5 in Axes
  2638 | D:4      | Found an ancient bone altar of Kikubaaqudgha.
  2689 | D:4      | Noticed Duvessa
  2689 | D:4      | Noticed Dowan
  2712 | D:4      | Killed Duvessa
  2712 | D:4      | Reached skill level 5 in Fighting
  2712 | D:4      | Reached skill level 5 in Armour
  2712 | D:4      | Reached skill level 5 in Shields
  2721 | D:4      | Killed Dowan
  2721 | D:4      | Reached ** piety under Qazlal
  2721 | D:4      | Reached XP level 7. HP: 46/61 MP: 6/6
  2747 | D:4      | Reached skill level 6 in Axes
  2879 | D:4      | Found a runed translucent door.
  2879 | D:4      | Noticed kalagan's ghost (amateur BaSu)
  3225 | D:5      | Entered Level 5 of the Dungeon
  3232 | D:5      | Reached skill level 7 in Axes
  3269 | D:5      | Reached XP level 8. HP: 42/68 MP: 7/7
  3538 | D:5      | Found a staircase to the Ecumenical Temple.
  3555 | Temple   | Entered the Ecumenical Temple
  3861 | D:5      | Reached skill level 8 in Axes
  3969 | D:5      | Reached skill level 5 in Dodging
  4001 | D:5      | Noticed Sigmund
  4084 | D:5      | Noticed Prince Ribbit
  4192 | D:5      | Killed Sigmund
  4192 | D:5      | Reached skill level 9 in Axes
  4573 | D:6      | Noticed a slime creature
  4581 | D:6      | Killed a slime creature
  4581 | D:6      | Reached skill level 10 in Axes
  4581 | D:6      | Reached XP level 9. HP: 25/74 MP: 8/8
  4711 | D:6      | Found a glowing drain.
  4736 | Sewer    | Entered a sewer
  4907 | Sewer    | Reached *** piety under Qazlal
  5297 | D:6      | Found a shimmering altar of Xom.
  5466 | D:6      | Reached skill level 11 in Axes
  5809 | D:7      | Noticed a troll
  5819 | D:7      | Killed a troll
  6022 | D:7      | Reached skill level 12 in Axes
  6031 | D:7      | Reached **** piety under Qazlal
  6240 | D:7      | Found a hazy altar of Hepliaklqana.
  6390 | D:8      | Reached XP level 10. HP: 61/81 MP: 9/9
  6757 | D:8      | Reached skill level 10 in Shields
  6821 | D:8      | Reached skill level 13 in Axes
  7804 | D:5      | Killed Prince Ribbit
  7925 | D:9      | Found a white marble altar of Elyvilon.
  7958 | D:9      | Reached skill level 14 in Axes
  8102 | D:9      | Paralysed by a hornet for 2 turns
  8176 | D:9      | Reached ***** piety under Qazlal
  8178 | D:9      | Found an ornate altar of the Wu Jian Council.
  8551 | D:10     | Entered Level 10 of the Dungeon
  8560 | D:10     | Reached XP level 11. HP: 85/86 MP: 10/10
  8671 | D:10     | Learned a level 2 spell: Swiftness
  8885 | D:10     | Reached skill level 15 in Axes
  8897 | D:10     | Noticed a two-headed ogre
  8907 | D:10     | Killed a two-headed ogre
  9104 | D:10     | Noticed a two-headed ogre
  9111 | D:10     | Killed a two-headed ogre
  9178 | D:10     | Noticed a two-headed ogre
  9189 | D:10     | Killed a two-headed ogre
  9632 | D:11     | Noticed Psyche
  9634 | D:11     | Noticed a five-headed hydra
  9637 | D:11     | Noticed Erolcha
  9697 | D:11     | Noticed Harold
  9711 | D:11     | Noticed Josephine
  9712 | D:11     | Slain by a shadow

Skill      XL: |  1  2  3  4  5  6  7  8  9 10 11 |
---------------+----------------------------------+-----
Axes           | 3 4 5 7 10 12 14 15 | 15.8
Dodging        | 1 2 3 4 5 |  5.1
Fighting       | 4 5 |  5.0
Shields        | 4 5 6 7 9 11 12 | 12.1
Armour         | 4 5 |  5.1

Action                   |  1- 3 |  4- 6 |  7- 9 | 10-12 || total
-------------------------+-------+-------+-------+-------++-------
Melee: War axe           |    93 |   134 |   420 |   324 ||   971
       Headbutt          |    15 |    22 |    68 |    70 ||   175
       Morningstar       |       |       |       |    25 ||    25
Throw: Throwing net      |       |       |     1 |     1 ||     2
  Use: Scroll            |     2 |     2 |    13 |     6 ||    23
       Potion            |       |     3 |     5 |     6 ||    14
  Eat: Chunk             |     1 |     5 |    12 |     8 ||    26
       Ration            |       |       |       |     1 ||     1
Armor: Scale mail        |     6 |       |       |       ||     6
       Chain mail        |     5 |       |       |       ||     5
       Plate armour      |    43 |    80 |   118 |    78 ||   319
Dodge: Dodged            |    16 |    27 |    59 |    48 ||   150
       Deflected         |       |       |     3 |     1 ||     4
Block: Shield            |    61 |    80 |   291 |   269 ||   701
